TOP OF THE 1ST |
Miami Marlins batting - Pitching for Atlanta Braves : LHP Nolan Stefanski
|
Pitching: LHP Nolan Stefanski
|
|
Batting: RHB Roger Salazar
|
0-0: Called Strike 0-1: Ground out 4-3 (Groundball, 4, EV 78.1 MPH)
|
Batting: RHB Matt Thompson
|
0-0: Ball 1-0: Ball 2-0: Ball 3-0: Called Strike 3-1: Called Strike 3-2: Strikes out swinging
|
Batting: LHB Andre Gorter
|
0-0: Fly out, F8 (Flyball, 8LXD, EV 86.2 MPH)
|
Top of the 1st over - 0 runs, 0 hits, 0 errors, 0 left on base; Miami 0 - Atlanta 0 |
BOTTOM OF THE 1ST |
Atlanta Braves batting - Pitching for Miami Marlins : LHP Matt Payne
|
Pitching: LHP Matt Payne
|
|
Batting: RHB Yasuhide Kasahara
|
0-0: Swinging Strike 0-1: Foul Ball, location: 2F 0-2: Ball 1-2: Ball 2-2: Fly out, F3 (Line Drive, 3L, EV 68.1 MPH)
|
Batting: RHB Liangde Li
|
0-0: Called Strike 0-1: Foul Ball, location: 2F 0-2: Foul Ball, location: 2F 0-2: Ball 1-2: Ball 2-2: Ball 3-2: Reached on error, E4 (Groundball, 4, EV 85.0 MPH)
|
Batting: RHB Kevin Howard
|
0-0: Ball Liangde Li steals 3rd base 1-0: Ball 2-0: Ball 3-0: Called Strike 3-1: Base on Balls
|
Batting: RHB Ike Trout
|
0-0: Called Strike 0-1: Ball Kevin Howard is caught stealing 2nd base 2-4 1-1: Ball 2-1: Foul Ball, location: 2F 2-2: Ball 3-2: Foul Ball, location: 2F 3-2: Foul Ball, location: 2F 3-2: Foul Ball, location: 2F 3-2: Ground out 5-3 (Groundball, 56, EV 100.6 MPH)
|
Bottom of the 1st over - 0 runs, 0 hits, 1 error, 1 left on base; Miami 0 - Atlanta 0 |
TOP OF THE 2ND |
Miami Marlins batting - Pitching for Atlanta Braves : LHP Nolan Stefanski
|
Batting: LHB Adam Durgin
|
0-0: Called Strike 0-1: SOLO HOME RUN (Flyball, 89XD, EV 99.4 MPH), Distance : 395 ft
|
Batting: RHB Jimmy Groseclose
|
0-0: Called Strike 0-1: Ground out 5-3 (Groundball, 56, EV 108.1 MPH)
|
Batting: RHB Bert Clark
|
0-0: Ball 1-0: Ball 2-0: Foul Ball, location: 2F 2-1: Ball 3-1: Base on Balls
|
Batting: RHB Mike Gar
|
0-0: Ball 1-0: Foul Ball, location: 2F 1-1: Ball Pickoff Throw to First - Error! E1 Bert Clark to second 2-1: Ball 3-1: Base on Balls
|
Batting: RHB Willie Chavez
|
0-0: Ball 1-0: Ball 2-0: Ball 3-0: Foul Ball, location: 2F 3-1: Grounds into double play, 5-4-3 (Groundball, 56, EV 89.4 MPH)
|
Top of the 2nd over - 1 run, 1 hit, 1 error, 1 left on base; Miami 1 - Atlanta 0 |
BOTTOM OF THE 2ND |
Atlanta Braves batting - Pitching for Miami Marlins : LHP Matt Payne
|
Batting: RHB Erik Coleman
|
0-0: Ball 1-0: Ball 2-0: Ball 3-0: Base on Balls
|
Batting: SHB Dave Barefoot
|
0-0: Ball 1-0: Foul Ball, location: 2F 1-1: Swinging Strike 1-2: Ball 2-2: Strikes out swinging
|
Batting: RHB J.J. Powers
|
0-0: Swinging Strike 0-1: Fly out, F4 (Line Drive, 34, EV 68.1 MPH)
|
Batting: RHB Manny Vergara
|
0-0: DOUBLE (Line Drive, 78D, EV 110.6 MPH) Erik Coleman to third Runner from 3rd tries for Home, throw by LF and OUT! 7-6-2
|
Bottom of the 2nd over - 0 runs, 1 hit, 0 errors, 1 left on base; Miami 1 - Atlanta 0 |
TOP OF THE 3RD |
Miami Marlins batting - Pitching for Atlanta Braves : LHP Nolan Stefanski
|
Batting: SHB Jordan Barragan
|
0-0: Called Strike 0-1: Called Strike 0-2: Ground out 5-3 (Groundball, 56, EV 88.1 MPH)
|
Batting: RHB Roger Salazar
|
0-0: Ball 1-0: Called Strike 1-1: Fly out, F9 (Line Drive, 9, EV 87.5 MPH)
|
Batting: RHB Matt Thompson
|
0-0: Called Strike 0-1: Ball 1-1: Foul Ball, location: 2F 1-2: Ball 2-2: Ball 3-2: Base on Balls
|
Batting: LHB Andre Gorter
|
0-0: Called Strike 0-1: Foul Ball, location: 2F 0-2: Strikes out swinging
|
Top of the 3rd over - 0 runs, 0 hits, 0 errors, 1 left on base; Miami 1 - Atlanta 0 |
BOTTOM OF THE 3RD |
Atlanta Braves batting - Pitching for Miami Marlins : LHP Matt Payne
|
Batting: LHB Erik Gretzky
|
0-0: Called Strike 0-1: Called Strike 0-2: Foul Ball, location: 2F 0-2: Ball 1-2: Ball 2-2: Ball 3-2: Base on Balls
|
Batting: RHB Yasuhide Kasahara
|
0-0: Ball 1-0: Ball 2-0: Ball 3-0: Called Strike 3-1: Called Strike 3-2: Base on Balls Erik Gretzky to second
|
Batting: RHB Liangde Li
|
0-0: Ball 1-0: Foul Ball, location: 2F 1-1: Foul Ball, location: 2F 1-2: Foul Ball, location: 2F 1-2: Ball 2-2: SINGLE (Groundball, 56, EV 101.2 MPH) (infield hit) Erik Gretzky to third Yasuhide Kasahara to second
|
Batting: RHB Kevin Howard
|
0-0: SINGLE (Groundball, 56S, EV 76.9 MPH) (infield hit) Erik Gretzky scores Yasuhide Kasahara to third Liangde Li to second
|
Batting: RHB Ike Trout
|
0-0: Ball 1-0: Ball 2-0: Ball 3-0: Called Strike 3-1: Base on Balls Yasuhide Kasahara scores Liangde Li to third Kevin Howard to second
|
Batting: RHB Erik Coleman
|
0-0: Fly out, F8 (Flyball, 78M, EV 79.4 MPH) Runner from 3rd tags up, SCORES, no throw by CF
|
Batting: SHB Dave Barefoot
|
0-0: SINGLE (Groundball, 6MD, EV 97.5 MPH) Kevin Howard to third Ike Trout to second
|
Batting: RHB J.J. Powers
|
0-0: Ball 1-0: Swinging Strike 1-1: Foul Ball, location: 2F 1-2: Ball 2-2: Foul Ball, location: 2F 2-2: Foul Ball, location: 2F 2-2: Ball 3-2: Strikes out swinging
|
Batting: RHB Manny Vergara
|
0-0: Called Strike 0-1: Ball 1-1: Swinging Strike 1-2: Ball 2-2: SINGLE (Groundball, 6D, EV 101.2 MPH) Kevin Howard scores Ike Trout to third Dave Barefoot to second Runner from 3rd tries for Home, SAFE, throw by LF to home
|
Batting: LHB Erik Gretzky
|
0-0: Foul Ball, location: 2F 0-1: Ball 1-1: Ball 2-1: Called Strike 2-2: Ball 3-2: Base on Balls Dave Barefoot to third Manny Vergara to second
|
Pitching: RHP Chris Nickerson
|
|
Batting: RHB Yasuhide Kasahara
|
0-0: Called Strike 0-1: Foul Ball, location: 2F 0-2: Fly out, F9 (Flyball, 9D, EV 88.8 MPH)
|
Bottom of the 3rd over - 5 runs, 4 hits, 0 errors, 3 left on base; Miami 1 - Atlanta 5 |
TOP OF THE 4TH |
Miami Marlins batting - Pitching for Atlanta Braves : LHP Nolan Stefanski
|
Batting: LHB Adam Durgin
|
0-0: Called Strike 0-1: Ball 1-1: Foul Ball, location: 2F 1-2: Strikes out swinging
|
Batting: RHB Jimmy Groseclose
|
0-0: Called Strike 0-1: Foul Ball, location: 2F 0-2: Ball 1-2: Ball 2-2: Strikes out swinging
|
Batting: RHB Bert Clark
|
0-0: Foul Ball, location: 2F 0-1: Ball 1-1: Called Strike 1-2: Ball 2-2: Foul Ball, location: 2F 2-2: Ball 3-2: Fly out, F9 (Line Drive, 9S, EV 92.5 MPH)
|
Top of the 4th over - 0 runs, 0 hits, 0 errors, 0 left on base; Miami 1 - Atlanta 5 |
BOTTOM OF THE 4TH |
Atlanta Braves batting - Pitching for Miami Marlins : RHP Chris Nickerson
|
Batting: RHB Liangde Li
|
0-0: Foul Ball, location: 2F 0-1: Ball 1-1: Ball 2-1: Ground out 5-3 (Groundball, 56, EV 86.2 MPH)
|
Batting: RHB Kevin Howard
|
0-0: Ground out 6-3 (Groundball, 6, EV 105.6 MPH)
|
Batting: RHB Ike Trout
|
0-0: Called Strike 0-1: Ball 1-1: Fly out, F7 (Flyball, 7S, EV 88.8 MPH)
|
Bottom of the 4th over - 0 runs, 0 hits, 0 errors, 0 left on base; Miami 1 - Atlanta 5 |
TOP OF THE 5TH |
Miami Marlins batting - Pitching for Atlanta Braves : LHP Nolan Stefanski
|
Batting: RHB Mike Gar
|
0-0: Hit by Pitch
|
Batting: RHB Willie Chavez
|
0-0: Ball 1-0: Ball 2-0: Fly out, F8 (Flyball, 8LD, EV 97.5 MPH)
|
Batting: SHB Jordan Barragan
|
0-0: Ball 1-0: Ball 2-0: Called Strike 2-1: Foul Ball, location: 2F 2-2: Ball 3-2: Strikes out swinging Mike Gar steals 2nd, throwing error, E2 Mike Gar to third
|
Batting: RHB Roger Salazar
|
0-0: Ball 1-0: Ball 2-0: Fly out, F9 (Flyball, 9, EV 85.6 MPH)
|
Top of the 5th over - 0 runs, 0 hits, 1 error, 1 left on base; Miami 1 - Atlanta 5 |
BOTTOM OF THE 5TH |
Atlanta Braves batting - Pitching for Miami Marlins : RHP Chris Nickerson
|
Batting: RHB Erik Coleman
|
0-0: Called Strike 0-1: Called Strike 0-2: Strikes out looking
|
Batting: SHB Dave Barefoot
|
0-0: Ball 1-0: Called Strike 1-1: Swinging Strike 1-2: Ball 2-2: Foul Ball, location: 2F 2-2: Ball 3-2: Ground out 6-3 (Groundball, 4, EV 77.5 MPH)
|
Batting: RHB J.J. Powers
|
0-0: Ball 1-0: Foul Ball, location: 2F 1-1: Ball 2-1: Swinging Strike 2-2: Foul Ball, location: 2F 2-2: Strikes out swinging
|
Bottom of the 5th over - 0 runs, 0 hits, 0 errors, 0 left on base; Miami 1 - Atlanta 5 |
TOP OF THE 6TH |
Miami Marlins batting - Pitching for Atlanta Braves : LHP Nolan Stefanski
|
Batting: RHB Matt Thompson
|
0-0: Ball 1-0: Foul Ball, location: 2F 1-1: Foul Ball, location: 2F 1-2: Strikes out swinging
|
Batting: LHB Andre Gorter
|
0-0: Ball 1-0: Ball 2-0: Ball 3-0: Base on Balls
|
Batting: LHB Adam Durgin
|
0-0: Called Strike Andre Gorter steals 2nd base 0-1: Swinging Strike 0-2: Ball 1-2: Ball 2-2: Fly out, F7 (Flyball, 78M, EV 85.0 MPH)
|
Batting: RHB Jimmy Groseclose
|
0-0: Called Strike 0-1: DOUBLE (Flyball, 89D, EV 101.9 MPH) Andre Gorter scores
|
Batting: RHB Bert Clark
|
0-0: Called Strike 0-1: Foul Ball, location: 2F 0-2: Ball 1-2: Ball 2-2: Ball 3-2: Ground out U3 (Groundball, 13, EV 85.6 MPH)
|
Top of the 6th over - 1 run, 1 hit, 0 errors, 1 left on base; Miami 2 - Atlanta 5 |
BOTTOM OF THE 6TH |
Atlanta Braves batting - Pitching for Miami Marlins : RHP Chris Nickerson
|
Batting: RHB Manny Vergara
|
0-0: Called Strike 0-1: Ball 1-1: Ball 2-1: Foul Ball, location: 2F 2-2: Ground out 4-3 (Groundball, 34, EV 103.8 MPH)
|
Batting: LHB Erik Gretzky
|
0-0: Ball 1-0: Swinging Strike 1-1: Foul Ball, location: 2F 1-2: Strikes out looking
|
Pitching: RHP Pharamond Lestrange
|
|
Batting: RHB Yasuhide Kasahara
|
0-0: Foul Ball, location: 2F 0-1: Called Strike 0-2: Ball 1-2: Ball 2-2: Foul Ball, location: 2F 2-2: Ball 3-2: Foul Ball, location: 2F 3-2: Base on Balls
|
Batting: RHB Liangde Li
|
0-0: Called Strike 0-1: DOUBLE (Line Drive, 7LS, EV 103.8 MPH) Yasuhide Kasahara to third Runner from 3rd tries for Home, throw by LF and OUT! 7-6-2
|
Bottom of the 6th over - 0 runs, 1 hit, 0 errors, 1 left on base; Miami 2 - Atlanta 5 |
TOP OF THE 7TH |
Miami Marlins batting - Pitching for Atlanta Braves : LHP Nolan Stefanski
|
Batting: RHB Mike Gar
|
0-0: SOLO HOME RUN (Line Drive, 78XD, EV 102.5 MPH), Distance : 419 ft
|
Batting: RHB Willie Chavez
|
0-0: DOUBLE (Line Drive, 9LD, EV 104.4 MPH)
|
Batting: SHB Jordan Barragan
|
0-0: Called Strike 0-1: Ball 1-1: Swinging Strike 1-2: Ground out 6-3 (Groundball, 6, EV 91.9 MPH)
|
Batting: RHB Roger Salazar
|
0-0: Called Strike 0-1: Called Strike 0-2: Foul Ball, location: 2F 0-2: Strikes out swinging
|
Batting: RHB Matt Thompson
|
0-0: Ball 1-0: Ball 2-0: Ball 3-0: Base on Balls
|
Pitching: LHP Gil Longoria
|
|
Batting: LHB Andre Gorter
|
0-0: Foul Ball, location: 2F 0-1: Ground out 4-3 (Groundball, 34D, EV 106.2 MPH)
|
Top of the 7th over - 1 run, 2 hits, 0 errors, 2 left on base; Miami 3 - Atlanta 5 |
BOTTOM OF THE 7TH |
Atlanta Braves batting - Pitching for Miami Marlins : RHP Pharamond Lestrange
|
Batting: RHB Kevin Howard
|
0-0: Called Strike 0-1: Foul Ball, location: 2F 0-2: TRIPLE (Flyball, 78XD, EV 97.5 MPH)
|
Batting: RHB Ike Trout
|
0-0: Foul Ball, location: 2F 0-1: Ground out 6-3 (Groundball, 56, EV 86.2 MPH)
|
Batting: RHB Erik Coleman
|
0-0: Ground out 2-3 (Groundball, 2L, EV 71.9 MPH)
|
Batting: SHB Dave Barefoot
|
0-0: Ball 1-0: Ball 2-0: Foul Ball, location: 2F 2-1: Ball 3-1: SINGLE (Groundball, 4MD, EV 98.1 MPH) Kevin Howard scores
|
Batting: RHB J.J. Powers
|
0-0: Ball 1-0: Ball 2-0: Ball 3-0: Base on Balls Dave Barefoot to second
|
Batting: RHB Manny Vergara
|
0-0: Ball 1-0: Ground out 2-3 (Groundball, 15S, EV 64.4 MPH)
|
Bottom of the 7th over - 1 run, 2 hits, 0 errors, 2 left on base; Miami 3 - Atlanta 6 |
TOP OF THE 8TH |
Miami Marlins batting - Pitching for Atlanta Braves : LHP Gil Longoria
|
Batting: LHB Adam Durgin
|
0-0: Swinging Strike 0-1: Foul Ball, location: 2F 0-2: Ball 1-2: Strikes out looking
|
Batting: RHB Jimmy Groseclose
|
0-0: Called Strike 0-1: Ball 1-1: Ball 2-1: Called Strike 2-2: DOUBLE (Flyball, 8RXD, EV 97.5 MPH)
|
Batting: RHB Bert Clark
|
0-0: Ground out 4-3 (Groundball, 4MS, EV 81.9 MPH) Jimmy Groseclose to third
|
Batting: RHB Mike Gar
|
0-0: Called Strike 0-1: Ground out 6-3 (Groundball, 6, EV 105.0 MPH)
|
Top of the 8th over - 0 runs, 1 hit, 0 errors, 1 left on base; Miami 3 - Atlanta 6 |
BOTTOM OF THE 8TH |
Atlanta Braves batting - Pitching for Miami Marlins : RHP Pharamond Lestrange
|
Batting: LHB Erik Gretzky
|
0-0: Ground out 6-3 (Groundball, 6, EV 82.5 MPH)
|
Batting: RHB Yasuhide Kasahara
|
0-0: Ball 1-0: Fly out, F8 (Flyball, 8RXD, EV 105.6 MPH)
|
Batting: RHB Liangde Li
|
0-0: Called Strike 0-1: Ball 1-1: Ball 2-1: Ball 3-1: Foul Ball, location: 2F 3-2: Foul Ball, location: 2F 3-2: Strikes out swinging
|
Bottom of the 8th over - 0 runs, 0 hits, 0 errors, 0 left on base; Miami 3 - Atlanta 6 |
TOP OF THE 9TH |
Miami Marlins batting - Pitching for Atlanta Braves : LHP Gil Longoria
|
Pitching: LHP Shingo Miura
|
|
Batting: RHB Willie Chavez
|
0-0: Ball 1-0: Foul Ball, location: 2F 1-1: Foul Ball, location: 2F 1-2: Ball 2-2: Strikes out swinging
|
Batting: SHB Jordan Barragan
|
0-0: Called Strike 0-1: Called Strike 0-2: Ball 1-2: Strikes out swinging
|
Batting: RHB Roger Salazar
|
0-0: Swinging Strike 0-1: Ball 1-1: Ball 2-1: Ball 3-1: Base on Balls
|
Batting: RHB Matt Thompson
|
0-0: Foul Ball, location: 2F 0-1: Foul Ball, location: 2F 0-2: Foul Ball, location: 2F 0-2: Hit by Pitch Roger Salazar to second
|
Batting: LHB Andre Gorter
|
0-0: Swinging Strike 0-1: Foul Ball, location: 2F 0-2: Ball 1-2: Ball 2-2: Ball 3-2: SINGLE (Line Drive, 4MD, EV 95.6 MPH) Roger Salazar to third Matt Thompson to second Roger Salazar scores Matt Thompson to third
|
Batting: RHB Steve Barnard
|
0-0: Ball 1-0: Called Strike 1-1: Foul Ball, location: 2F 1-2: Strikes out looking
|
Top of the 9th over - 1 run, 1 hit, 0 errors, 2 left on base; Miami 4 - Atlanta 6 |
|